 Dungeon Crawl Stone Soup version 0.30-a0-778-g2ef04afb54 (webtiles) character file.

Game seed: 8408681691448466246

5740 Ceno the Fighter (level 10, -10/83 HPs)
             Began as a Mummy Cinder Acolyte on Feb 17, 2023.
             Was a Believer of Ignis.
             Mangled by a sun demon (11 damage)
             ... summoned by a kobold demonologist
             ... in a bailey.
             The game lasted 00:36:33 (10513 turns).

Ceno the Fighter (Mummy Cinder Acolyte)            Turns: 10513, Time: 00:36:34

Health: -10/83     AC: 13    Str: 20    XL:     10   Next: 49%
Magic:  13/16      EV: 12    Int: 16    God:    Ignis [**....]
Gold:   527        SH:  0    Dex:  7    Spells: 15/17 levels left

rFire   . . .      SeeInvis +    o - +5 flail (venom)
rCold   + + .      Faith    +    (no shield)
rNeg    + + +      Spirit   .    p - +3 leather armour {rC+}
rPois   ∞          Reflect  .    (no helmet)
rElec   .          Harm     .    (no cloak)
rCorr   .          Rampage  .    (no gloves)
Will    +....                    (no boots)
Stlth   ++                       q - amulet of regeneration
HPRegen 1.13/turn                j - ring of see invisible
MPRegen 0.15/turn                (no ring)

@: fiery-armoured
A: cold resistance 1, negative energy resistance 3, torment resistance 2, heat
vulnerability 1, in touch with death 1, no potions, faith
a: Renounce Religion, Fiery Armour, Foxfire Swarm


You were in a bailey.
You worshipped Ignis.
Ignis was pleased with you.
You visited 2 branches of the dungeon, and saw 9 of its levels.
You also visited: Bailey.

You collected 527 gold pieces.

Inventory:

Hand Weapons
 o - a +5 flail of venom (weapon)
Missiles
 e - 17 poisoned darts
 g - a throwing net
 h - 43 stones (quivered)
 A - a curare-tipped dart
Armour
 c - a +2 helmet
 p - a +3 leather armour of cold resistance (worn)
 y - a +0 pair of boots
Jewellery
 j - a ring of see invisible (left hand)
 q - an amulet of regeneration (around neck)
 z - a +4 ring of protection
Wands
 f - a wand of flame (12)
 n - a wand of acid (18)
 s - a wand of polymorph (8)
Scrolls
 a - a scroll of fear
 b - a scroll of fog
 d - a scroll of amnesia
 i - 2 scrolls of teleportation
 k - a scroll of butterflies
 l - 3 scrolls of noise
 m - a scroll of enchant weapon
 r - a scroll of poison
 t - a scroll of vulnerability
 u - a scroll of magic mapping {unknown}
 v - a scroll of torment {unknown}
 w - 2 scrolls of enchant armour
 x - a scroll of identify


   Skills:
 + Level 9.2 Fighting
 + Level 8.2 Maces & Flails
 + Level 1.2 Armour
 + Level 4.9 Dodging
 - Level 3.0 Stealth
 - Level 4.0 Spellcasting
 - Level 5.0 Fire Magic


You had 15 spell levels left.
You knew the following spells:

 Your Spells              Type           Power      Damage    Failure   Level
a - Scorch                Fire           38%        2d7       3%          2

Your spell library contained the following spells:

 Spells                   Type           Power      Damage    Failure   Level
 Magic Dart               Conj           12%        1d3       21%         1
 Sting                    Tmut/Pois      12%        1d3       21%         1
 Inner Flame              Hex/Fire       11%        N/A       22%         3
 Ensorcelled Hibernation  Hex/Ice        6%         N/A       30%         2
 Poisonous Vapours        Pois/Air       6%         N/A       30%         2
 Searing Ray              Conj           6%         2d4       30%         2
 Ozocubu's Armour         Ice            3%         N/A       52%         3
 Flame Wave               Conj/Fire      11%        2d6       56%         4
 Sticky Flame             Conj/Fire      11%        2d3       56%         4
 Anguish                  Hex/Necr       2%         N/A       89%         4
 Fulminant Prism          Conj/Hex       1%         3d5       89%         4
 Olgreb's Toxic Radiance  Pois           3%         N/A       89%         4
 Petrify                  Tmut/Erth      3%         N/A       89%         4
 Irradiate                Conj/Tmut      1%         3d12      99%         5
 Ozocubu's Refrigeration  Ice            1%         4d7       100%        7
 Sublimation of Blood     Necr           Unusable   N/A       N/A         2
 Spider Form              Tmut/Pois      Unusable   N/A       N/A         3

Dungeon Overview and Level Annotations

Branches:
Dungeon (8/15)             Temple (1/1) D:4          Bailey (1/1)
   Lair: D:8-11

Altars:
Cheibriados
Makhleb
Okawaru
Uskayaw
Vehumet

Shops:
D:5 *?   D:7 =

Annotations:
D:8 1 runed translucent door, Darius099's ghost, novice MiFi; Erica


Innate Abilities, Weirdness & Mutations

You are immune to poison.
Your flesh is cold resistant. (rC+)
You are immune to negative energy. (rN+++)
You are immune to unholy pain and torment.
You are vulnerable to heat. (rF-)
You are in touch with the powers of death.
You do not drink.
You have a special connection with the divine. (Faith)


Message History

The kobold demonologist hits your foxfire with a +0 war axe. x3
The kobold demonologist barely misses your foxfire.
The kobold demonologist hits your foxfire with a +0 war axe.
The sun demon hits you but does no damage.
The sun demon completely resists.
The foxfire hits the white imp but does no damage.
The kobold demonologist looks encouraged for a moment.
Your foxfire dissipates!
The sun demon attacks as you move away! The sun demon completely misses you.
The foxfire hits the sun demon but does no damage.
The foxfire hits the white imp.
The white imp is burned terribly!
The white imp is moderately wounded.
The foxfire hits the kobold demonologist.
The kobold demonologist is lightly wounded.
The foxfire hits the kobold demonologist.
The kobold demonologist is lightly wounded.
The foxfire hits the kobold demonologist but does no damage.
The kobold demonologist is lightly wounded.
The foxfire hits the sun demon.
The sun demon completely resists.
The foxfire hits the kobold demonologist.
The kobold demonologist is moderately wounded.
The foxfire hits the sun demon but does no damage.
The foxfire hits the kobold demonologist but does no damage.
The kobold demonologist is moderately wounded.
The foxfire hits the sun demon but does no damage.
The kobold demonologist is engulfed in a cloud of scalding steam.
The sun demon hits you.
* * * LOW HITPOINT WARNING * * *
You are engulfed in flames!!
* * * LOW HITPOINT WARNING * * *
The sun demon completely resists.
You can't drink.
As you read the scroll of fear, it crumbles to dust.
You assume a fearsome visage.
The white imp looks frightened!
The sun demon resists with almost no effort.
The kobold demonologist looks frightened!
The sun demon hits you.
* * * LOW HITPOINT WARNING * * *
You are engulfed in flames!
You die...

..# #.'))#.~≈≈≈≈≈# ..#
#)o#.~≈≈≈≈≈# ###
#..#.~≈≈≈≈≈# .##..
#########.~≈≈≈≈≈#
.##....#..8.8..#5~≈≈≈≈≈#
.##.._K'.......)∩~≈≈≈≈≈#
.##....#..8.8..#.K≈≈≈≈≈#
.##.. #########3~≈≈≈≈≈#
### #..#@§§≈≈≈≈# ..#
#[[#§§§≈≈≈≈# ..#
+[[#.~≈≈≈≈≈#
..##############.#≈≈≈≈≈#
8.8.8.'.....#....#≈≈≈≈≈#
......#.....'....#≈≈≈≈≈#
#############..#'#≈≈≈≈≈#
.........'..#.# ≈≈≈≈#
~~~~~~~~~###### ≈≈≈#


You could see a sun demon (summoned, very poisoned), a kobold demonologist
(fast, fleeing) and a white imp (summoned, fleeing).

Vanquished Creatures
  Pikel (D:4)
  A hornet (D:8)
  Sigmund (D:4)
  5 yaks (D:8)
  2 steam dragons
  Edmund (D:4)
  A water moccasin (D:5)
  Duvessa (D:7)
  2 sky beasts (D:7)
  6 orc warriors
  A black bear (D:6)
  2 ice beasts (D:6)
  4 ogres
  A centaur (D:8)
  A lemure (D:5)
  2 kobold brigands
  2 bullfrogs
  2 necrophages
  9 scorpions
  3 wights
  Dowan (D:7)
  A howler monkey (D:5)
  2 electric eels (Bailey)
  2 jellies
  4 orc priests
  3 gnoll boudas
  4 hounds
  An orc wizard (D:7)
  3 iguanas
  Terence (D:2)
  A mummy (D:8)
  Robin (D:2)
  12 adders
  18 gnolls
  2 river rats (D:4)
  A shadow imp (D:7)
  2 white imps (D:5)
  2 worms
  5 dart slugs
  23 orcs
  10 ball pythons
  8 endoplasms
  4 giant cockroaches
  27 goblins
  18 hobgoblins
  3 jackals (D:2)
  5 quokkas
  6 bats
  A frilled lizard (D:2)
  2 hobgoblin zombies (D:8)
  21 kobolds
  A kobold zombie (D:8)
  An orc zombie (D:8)
  5 rats
249 creatures vanquished.

Vanquished Creatures (others)
  30 foxfires
  A fungus (D:3)
  2 plants
33 creatures vanquished.

Grand Total: 282 creatures vanquished

Notes
Turn   | Place    | Note
-------+----------+-------------------------------------------
     0 | D:1      | Ceno the Mummy Cinder Acolyte began the quest for the Orb.
     0 | D:1      | Reached XP level 1. HP: 18/18 MP: 2/2
   145 | D:1      | Noticed a great orb of eyes
   157 | D:1      | Found a faded altar of an unknown god.
   158 | D:1      | Noticed a floating eye
   158 | D:1      | Noticed a golden eye
   158 | D:1      | Noticed a golden eye
   248 | D:1      | Reached XP level 2. HP: 24/24 MP: 4/4
   251 | D:1      | Learned a level 2 spell: Scorch
   857 | D:2      | Gained mutation: You are in touch with the powers of death.
                  | [Mummy growth]
   857 | D:2      | Reached XP level 3. HP: 25/29 MP: 2/5
   936 | D:2      | Noticed Terence
   936 | D:2      | Noticed Robin
   965 | D:2      | Killed Terence
  1020 | D:2      | Reached XP level 4. HP: 36/36 MP: 6/6
  1051 | D:2      | Killed Robin
  1200 | D:2      | You fall into a shaft and drop 2 floors!
  1331 | D:4      | Noticed a necrophage
  1343 | D:4      | Killed a necrophage
  1344 | D:4      | Reached skill level 4 in Fighting
  1344 | D:4      | Reached XP level 5. HP: 38/42 MP: 2/8
  1495 | D:4      | Found a staircase to the Ecumenical Temple.
  1506 | Temple   | Entered the Ecumenical Temple
  1906 | D:4      | Noticed Edmund
  1915 | D:3      | Reached XP level 6. HP: 48/48 MP: 10/10
  2694 | D:3      | Identified the +7 war axe "Empoew" {pain, Dex+4}
  3454 | D:4      | Killed Edmund
  3704 | D:4      | Noticed Sigmund
  3832 | D:4      | Killed Sigmund
  3833 | D:4      | Reached skill level 5 in Fighting
  3833 | D:4      | Reached skill level 5 in Maces & Flails
  3833 | D:4      | Reached XP level 7. HP: 53/56 MP: 7/12
  4039 | D:4      | HP: 2/56 [orc warrior/+0 long sword (9)]
  5023 | D:5      | Entered Level 5 of the Dungeon
  5023 | D:5      | Noticed Pikel
  5026 | D:5      | Reached XP level 8. HP: 64/64 MP: 9/14
  5219 | D:4      | Killed Pikel
  5220 | D:4      | Reached skill level 6 in Fighting
  5614 | D:5      | Reached skill level 5 in Fire Magic
  5743 | D:5      | Reached XP level 9. HP: 71/71 MP: 3/15
  6078 | D:5      | Reached skill level 1 in Dodging
  6265 | D:5      | Reached skill level 7 in Fighting
  6316 | D:5      | Found The Oracle's Delphic Readings.
  6341 | D:5      | Found Tif Coem's General Store.
  7959 | D:7      | Found a hide-covered altar of Uskayaw.
  7964 | D:7      | Found Zuannec's Jewellery Boutique.
  8109 | D:7      | Reached skill level 8 in Fighting
  8648 | D:7      | Noticed Duvessa
  8653 | D:7      | Noticed Dowan
  8667 | D:7      | Killed Duvessa
  8668 | D:7      | Killed Dowan
  9274 | D:8      | Reached XP level 10. HP: 68/82 MP: 14/16
  9472 | D:8      | Noticed Darius099's ghost (novice MiFi)
  9479 | D:8      | Found a runed translucent door.
  9484 | D:8      | Noticed Erica
  9589 | D:7      | Reached skill level 9 in Fighting
  9864 | D:8      | Found a flagged portal.
  9881 | Bailey   | Entered a bailey
 10350 | Bailey   | Reached skill level 1 in Armour
 10453 | Bailey   | Noticed an orc sorcerer
 10483 | Bailey   | Found an iron altar of Okawaru.
 10502 | Bailey   | Noticed a sun demon
 10512 | Bailey   | HP: 1/83 [sun demon[a kobold demonologist] (18)]
 10513 | Bailey   | Mangled by a sun demon

Illustrated notes

Levels and vault maps discovered:
D:1:      heliophobic_arrival_henge, layout_loops_ring,
          hellmonk_ecumenical_altar_watching_god
D:2:      layout_rooms, minmay_pentomino_r2, uniq_terence, uniq_robin
D:3:      layout_basic, uniq_crazy_yiuf_cottage
D:4:      minmay_thinvault, layout_basic, minmay_temple_entry_statues_fountains,
          portal_sewer_entry_e, sigmund_edmund_badplayer
D:5:      minmay_diamond_boxcup, layout_rooms, serial_shops,
          nicolae_shop_waterfront, nrook_loot_triangle,
          nicolae_nh_oracle_at_delphi, uniq_pikel
D:6:      minmay_general_purpose_star, layout_loops_ring,
          minmay_increasing_density, uniq_edmund
D:7:      layout_loops_corners, lemuel_doored_altar, serial_shops,
          nicolae_shop_statue_plus, uniq_duvessa
D:8:      layout_basic, hellmonk_ghost_big_iron, enter_bailey_5,
          minmay_mini_ossuary, uniq_erica
Temple:   roderic_octagonal_lattice_temple
Bailey:   bailey_axe_of_yendor_kennysheep, bailey

Skill      XL: |  1  2  3  4  5  6  7  8  9 10 |
---------------+-------------------------------+-----
Maces & Flails | 3 4 5 6 7 8 |  8.2
Fire Magic     | 3 4 5 |  5.0
Fighting       | 4 5 6 8 9 |  9.2
Spellcasting   | 2 3 4 |  4.0
Stealth        | 3 |  3.0
Dodging        | 3 4 |  4.9
Armour         | 1 |  1.2

Action                     |  1- 3 |  4- 6 |  7- 9 | 10-12 || total
---------------------------+-------+-------+-------+-------++-------
  Melee: Mace              |    82 |   102 |       |       ||   184
         Punch             |       |     1 |       |     1 ||     2
         Flail             |       |    40 |   104 |   109 ||   253
  Throw: Stone             |       |     2 |    11 |     3 ||    16
         Dart              |       |       |     3 |       ||     3
   Cast: Scorch            |     7 |    36 |   155 |    50 ||   248
 Invoke: Fiery Armour      |     1 |     1 |     2 |     2 ||     6
         Rising Flame      |       |     1 |       |       ||     1
         Foxfire Swarm     |       |     1 |       |     1 ||     2
  Evoke: Wand              |       |       |       |     1 ||     1
    Use: Scroll            |       |       |    11 |     1 ||    12
 Armour: Robe              |    20 |    30 |       |       ||    50
         Leather armour    |       |     3 |    57 |    34 ||    94
  Dodge: Dodged            |    56 |    75 |    76 |    59 ||   266

Table legend: (Time is in decaauts)
 A = Elapsed time spent in this place.
 B = Non-inter-level travel time spent in this place.
 C = Inter-level travel time spent in this place.
 D = Time resting spent in this place.
 E = Time spent auto-exploring this place.
 F = Levels seen in this place.
 G = Mean time per level.
                   A        B        C        D        E       F      G
               +--------+--------+--------+--------+--------+-----+--------+
         Total |  10587 |  10322 |    265 |   1930 |   5218 |  10 | 1058.7 |
       Dungeon |   9833 |   9576 |    257 |   1643 |   5111 |   8 | 1229.1 |
        Temple |    121 |    113 |      8 |      0 |    107 |   1 |  121.0 |
        Bailey |    631 |    631 |      0 |    287 |      0 |   1 |  631.0 |
               +--------+--------+--------+--------+--------+-----+--------+

Top non-repeatable levels by time:
     D:4: 2741 daAuts
     D:6: 1545 daAuts
     D:7: 1527 daAuts
     D:5: 1141 daAuts
     D:2: 1012 daAuts
     D:1: 782 daAuts
     D:3: 651 daAuts
  Bailey: 631 daAuts
     D:8: 430 daAuts
  Temple: 121 daAuts
